 Dungeon Crawl Stone Soup version 0.28-a0-852-gbbce81c95b (webtiles) character file.

Game seed: 9731646879755228851

265 Orgrimm the Firebug (level 5, 0/28 HPs)
             Began as a Deep Elf Fire Elementalist on Nov 15, 2021.
             Slain by Grinder (4 damage)
             ... on level 4 of the Dungeon.
             The game lasted 00:07:59 (4636 turns).

Orgrimm the Firebug (Deep Elf Fire Elementalist)    Turns: 4636, Time: 00:08:01

Health: 0/28       AC:  4    Str:  6    XL:     5   Next: 99%
Magic:  5/11       EV: 12    Int: 20    God:
Gold:   203        SH:  0    Dex: 15    Spells: 3/10 levels left

rFire   . . .      SeeInvis .   b - +0 dagger
rCold   . . .      Faith    .   (no shield)
rNeg    . . .      Spirit   .   a - +0 robe
rPois   .          Reflect  .   (no helmet)
rElec   .          Harm     .   (no cloak)
rCorr   .          Rampage  .   l - +1 pair of gloves
Will    .....                   (no boots)
Stlth   ++........              (no amulet)
HPRegen 0.09/turn               (no ring)
MPRegen 0.12/turn               (no ring)

@: weak-willed
A: no striking features
a: no special abilities


You were on level 4 of the Dungeon.
You visited 1 branch of the dungeon, and saw 5 of its levels.

You collected 203 gold pieces.

Inventory:

Hand Weapons
 b - a +0 dagger (weapon)
Armour
 a - a +0 robe (worn)
 l - a +1 pair of gloves (worn)
Wands
 i - a wand of paralysis (10)
Scrolls
 c - a scroll of silence {unknown}
 j - a scroll of acquirement {unknown}
 k - a scroll of immolation {unknown}
 m - a scroll of teleportation {unknown}
 n - a scroll of vulnerability
 q - a scroll of identify {unknown}
 s - a scroll of enchant armour {unknown}
Potions
 d - a potion of curing {unknown}
 e - 2 potions of might {unknown}
 f - a potion of flight {unknown}
 g - a potion of haste {unknown}
 h - a potion of degeneration {unknown}
 o - a potion of attraction {unknown}
 p - a potion of ambrosia {unknown}
 r - a potion of berserk rage {unknown}


   Skills:
 - Level 2.4 Dodging
 - Level 2.4 Stealth
 - Level 3.0 Spellcasting
 - Level 5.0 Conjurations
 + Level 5.4 Fire Magic


You had 3 spell levels left.
You knew the following spells:

 Your Spells              Type           Power      Damage    Failure   Level
a - Foxfire               Conj/Fire      92%        2x1d8     1%          1
b - Scorch                Fire           48%        2d7       2%          2
c - Conjure Flame         Conj/Fire      23%        6-21      4%          3
g - Summon Small Mammal   Summ           12%        N/A       14%         1

Your spell library contained the following spells:

 Spells                   Type           Power      Damage    Failure   Level
 Pain                     Necr           12%        1d4       14%         1
 Slow                     Hex            12%        N/A       14%         1
 Inner Flame              Hex/Fire       13%        N/A       14%         3
 Call Canine Familiar     Summ           3%         N/A       38%         3
 Confusing Touch          Hex            3%         N/A       38%         3
 Summon Guardian Golem    Hex/Summ       3%         N/A       38%         3
 Vampiric Draining        Necr           3%         2d6       38%         3
 Flame Wave               Conj/Fire      23%        3d6       17%         4
 Agony                    Necr           3%         N/A       98%         5
 Excruciating Wounds      Necr           1%         N/A       98%         5
 Yara's Violent Unravell  Hex/Tmut       1%         3d3       98%         5


Dungeon Overview and Level Annotations

Branches:
Dungeon (5/15)
 Temple: D:4-7

Altars:
Dithmenos
Nemelex Xobeh
Qazlal

Annotations:
D:4 Grinder


Message History

Found a stone staircase leading up.
There is a stone staircase leading up here.
Grinder is nearby!
Grinder zaps a wand.
The puff of flame hits you!
You climb upwards.
There is a stone staircase leading down here.
As you read the scroll labelled RUMOIPT ZAAHIN, it crumbles to dust.
Magic quickly surges around you.
It was a scroll of vulnerability.
Grinder closely misses you.
Casting: Foxfire (safe; 1% risk of failure)
Confirm with . or Enter, or press ? or * to list all spells.
Grinder barely misses you.
Casting: Summon Small Mammal (safe; 14% risk of failure)
Confirm with . or Enter, or press ? or * to list all spells.
Your bat closely misses Grinder.
Grinder hits you!
Casting: Summon Small Mammal (safe; 14% risk of failure)
Confirm with . or Enter, or press ? or * to list all spells.
Your rat disappears in a puff of smoke!
Your bat misses Grinder. Grinder barely misses you.
Casting: Summon Small Mammal (safe; 14% risk of failure)
Confirm with . or Enter, or press ? or * to list all spells.
Your bat disappears in a puff of smoke!
Your bat closely misses Grinder.
Grinder barely misses you.
Casting: Foxfire (safe; 1% risk of failure)
Press: ? - help, Q - select action, (/) - cycle Dir - look around, f - activate You conjure some foxfire!
Your bat barely misses Grinder. x2
Your bat hits Grinder but does no damage.
Grinder misses you.
Your foxfire dissipates!
The foxfire hits Grinder.
Grinder is lightly wounded.
Your rat bites Grinder.
Your bat barely misses Grinder.
Casting: Foxfire (safe; 1% risk of failure)
Press: ? - help, Q - select action, (/) - cycle Dir - look around, f - activate You conjure some foxfire!
Your bat closely misses Grinder.
Grinder hits you!
* * * LOW HITPOINT WARNING * * *
You writhe in agony.
You die...

.############.##.#####..(..#.....
...........##..#.# #.....#.....
.#########.###.#.# #.....#.....
.'.......#.# #.#.# #.....#.....
.#######.#.# #.b.#####.....#.....
## #.###.#.# ##.........#'##.....
# #.....#.# #.r######.#.##..... #
#.###.#.# #v5#....#.#.####### #
#.#...#.# ##@#.##.#.#.# #
#.#.#.#.#####v#.##.#.#.####### #
#.#.#.#.......#.##.#.#.##..... #
#.#.#.######..#.##.#.#.##.#### #
#.#.#.# #..#.##.#.#.##.....
####.#.#.# #..#.##.#.#.##..###
#.##.#.#.# #..#.##.#.#.##..#..
#.##.#.#.# #..#.##.#.#.##..#.#
..##.#.#.# #..#.##.#.#.##..#.#


You could see Grinder (weak-willed, ally target), a friendly bat (summoned) and
a friendly rat (summoned).

Vanquished Creatures
  An orc priest (D:3)
  An iguana (D:3)
  4 gnolls (D:3)
  A howler monkey skeleton (D:4)
  7 adders
  An ufetubus (D:3)
  2 worms
  2 dart slugs
  9 orcs
  6 ball pythons
  4 endoplasms
  2 giant cockroaches
  5 goblins
  8 hobgoblins
  8 kobolds
  6 quokkas
  2 bats
  2 frilled lizards
  8 rats
79 creatures vanquished.

Vanquished Creatures (collateral kills)
  2 foxfires (D:2)
2 creatures vanquished.

Vanquished Creatures (others)
  4 demonic plants (D:2)
  315 foxfires
  8 fungi
  5 plants (D:2)
  4 withered plants (D:2)
336 creatures vanquished.

Grand Total: 417 creatures vanquished

Notes
Turn   | Place    | Note
-------+----------+-------------------------------------------
     0 | D:1      | Orgrimm the Deep Elf Fire Elementalist began the quest for
                  | the Orb.
     0 | D:1      | Reached XP level 1. HP: 10/10 MP: 6/6
   225 | D:1      | Reached XP level 2. HP: 15/15 MP: 4/8
   287 | D:1      | Learned a level 2 spell: Scorch
   754 | D:1      | Reached XP level 3. HP: 19/19 MP: 5/9
  1544 | D:2      | Found a sparkling altar of Nemelex Xobeh.
  1765 | D:2      | Found a faded altar of an unknown god.
  1970 | D:2      | Reached XP level 4. HP: 24/24 MP: 6/10
  1974 | D:2      | Learned a level 3 spell: Conjure Flame
  1976 | D:2      | Learned a level 1 spell: Summon Small Mammal
  2252 | D:3      | Reached skill level 5 in Conjurations
  2447 | D:3      | Found a shadowy altar of Dithmenos.
  2516 | D:3      | Reached XP level 5. HP: 28/28 MP: 3/11
  3282 | D:4      | Reached skill level 5 in Fire Magic
  4062 | D:4      | Found a stormy altar of Qazlal.
  4626 | D:5      | Entered Level 5 of the Dungeon
  4626 | D:5      | Noticed Grinder
  4636 | D:4      | Slain by Grinder

Illustrated notes

Levels and vault maps discovered:
D:1:      dpeg_arrival_triangle_fractal, layout_basic
D:2:      layout_rooms, shapermc_ecumenical_altar_gd, basic_altar,
          corexii_hall_statues_i
D:3:      layout_basic, lemuel_doored_altar, ebering_dispersal_statue_hall
D:4:      layout_basic, mainiacjoe_overflow_chevrons
D:5:      layout_loops_corners, mainiacjoe_overflow_24_doors,
          nicolae_yredelemnul_corpse_copse, nicolae_sif_muna_condensation,
          minmay_temple_entry_arrows, uniq_crazy_yiuf_cottage, uniq_grinder

Skill      XL: |  1  2  3  4  5 |
---------------+----------------+-----
Conjurations   | 2 3 4 5 |  5.0
Fire Magic     | 4 5 |  5.4
Dodging        | |  2.4
Stealth        | |  2.4
Spellcasting   | |  3.0

Action                   |  1- 3 |  4- 6 || total
-------------------------+-------+-------++-------
Melee: Unarmed           |     1 |       ||     1
       Dagger            |     3 |     4 ||     7
 Cast: Foxfire           |    98 |    91 ||   189
       Summon Small Mamm |       |     4 ||     4
  Use: Scroll            |       |     1 ||     1
 Stab: Sleeping          |     1 |       ||     1
Armor: Robe              |     1 |       ||     1
Dodge: Dodged            |     5 |     8 ||    13

Table legend: (Time is in decaauts)
 A = Elapsed time spent in this place.
 B = Non-inter-level travel time spent in this place.
 C = Inter-level travel time spent in this place.
 D = Time resting spent in this place.
 E = Time spent auto-exploring this place.
 F = Levels seen in this place.
 G = Mean time per level.
                   A        B        C        D        E       F      G
               +--------+--------+--------+--------+--------+-----+--------+
         Total |   4634 |   4484 |    150 |     40 |   3946 |   5 |  926.8 |
       Dungeon |   4634 |   4484 |    150 |     40 |   3946 |   5 |  926.8 |
               +--------+--------+--------+--------+--------+-----+--------+

Top non-repeatable levels by time:
     D:1: 1391 daAuts
     D:4: 1361 daAuts
     D:3: 1065 daAuts
     D:2: 814 daAuts
     D:5: 1 daAuts
